 Dungeon Crawl Stone Soup version 0.19-a0-957-gf4ea323 (webtiles) character file.

17709 HAL9000 the Grappler (level 12, -4/94 HPs)
             Began as a Green Draconian Transmuter on July 10, 2016.
             Was the Champion of Cheibriados.
             Killed from afar by an electric eel (6 damage)
             ... with a bolt of electricity
             ... on level 4 of the Lair of Beasts.
             The game lasted 00:25:53 (11800 turns).

HAL9000 the Grappler (Green Draconian Transmuter)  Turns: 11800, Time: 00:25:53

Health: -4/94      AC: 12    Str: 30    XL:     12   Next: 21%
Magic:  0/18       EV: 15    Int: 31    God:    Cheibriados [******]
Gold:   565        SH:  0    Dex: 27    Spells: 4 memorised, 4 levels left

rFire  . . .     SeeInvis .       - Unarmed
rCold  . . .     Gourm    .     (armour unavailable)
rNeg   . . .     Faith    .     (shield currently unavailable)
rPois  +         Spirit   +     Z - +2 hat
rElec  .         Dismiss  .     v - +0 cloak
rCorr  .         Reflect  .     (gloves currently unavailable)
SustAt .         Harm     .     T - +0 pair of boots
MR     .....                    H - amulet of guardian spirit
Stlth  ++........               (no ring)
                                (no ring)

@: blade hands, studying Short Blades, very slow, not resistant to hostile
enchantments, unstealthy
A: breathe noxious fumes, unfitting armour, poison resistance, cold-blooded, AC
+8
a: Breathe Noxious Fumes, End Transformation, Bend Time, Temporal Distortion,
Slouch, Step From Time, Renounce Religion


You were on level 4 of the Lair of Beasts.
You worshipped Cheibriados.
Cheibriados was exalted by your worship.
You were near starving.
You had blades for hands.
You visited 3 branches of the dungeon, and saw 14 of its levels.

You collected 565 gold pieces.

Inventory:

Missiles
 a - 82 arrows
 R - 4 javelins of penetration (quivered)
Armour
 v - a +0 cloak (worn)
 T - a +0 pair of boots (worn)
 U - a +0 pair of gloves (melded)
 Z - a +2 hat (worn)
Jewellery
 H - an amulet of guardian spirit (around neck)
Wands
 h - a wand of iceblast (5/15)
 s - a wand of iceblast (6/15)
 u - a wand of slowing (19/48)
 G - a wand of flame (16/48)
 L - a wand of iceblast (9/15)
 S - a wand of disintegration (13/24)
Scrolls
 d - 4 scrolls of teleportation
 e - 2 scrolls of enchant weapon
 f - 5 scrolls of identify
 t - a scroll of amnesia
 N - a scroll of fear {unknown}
 Y - 5 scrolls of remove curse
Potions
 m - a potion of curing
 B - a potion of flight
 I - a potion of agility
 O - a potion of might
 Q - 2 potions of heal wounds
 V - 3 potions of resistance
 X - a potion of brilliance
Books
 b - a book of Changes

   Spells                             Type                      Level
   a - Beastly Appendage              Transmutation                1
   b - Sticks to Snakes               Transmutation                2
   c - Spider Form                    Transmutation/Poison         3
   d - Ice Form                       Ice/Transmutation            4
   e - Blade Hands                    Transmutation                5
 n - a book of Burglary

   Spells                             Type                      Level
   a - Swiftness                      Charms/Air                   2
   b - Passwall                       Transmutation/Earth          2
   c - Passage of Golubria            Translocation                4
   d - Lee's Rapid Deconstruction     Earth                        5
   e - Darkness                       Hexes                        6
   f - Invisibility                   Hexes                        6
 J - a manual of Short Blades
 P - a book of Ice

   Spells                             Type                      Level
   a - Ice Form                       Ice/Transmutation            4
   b - Metabolic Englaciation         Hexes/Ice                    5
   c - Ozocubu's Refrigeration        Ice                          6
   d - Bolt of Cold                   Conjuration/Ice              6
   e - Freezing Cloud                 Conjuration/Ice/Air          6
   f - Simulacrum                     Ice/Necromancy               6
Miscellaneous
 K - a sack of spiders
 W - a fan of gales
Comestibles
 c - 3 bread rations
 w - 4 meat rations
 z - 3 beef jerkies
 E - 5 fruits
 M - a royal jelly


   Skills:
 - Level 5.0 Fighting
 + Level 8.0 Dodging
 + Level 11.4 Unarmed Combat
 - Level 2.0 Spellcasting
 + Level 11.3 Transmutations
 + Level 9.1 Invocations


You had 4 spell levels left.
You knew the following spells:

 Your Spells              Type           Power        Failure   Level  Hunger
a - Beastly Appendage     Tmut           ######       8%          1    None
b - Sticks to Snakes      Tmut           ######..     8%          2    ##.....
c - Spider Form           Tmut/Pois      #####.....   21%         3    ###....
d - Blade Hands           Tmut           ######....   21%         5    ######.


Dungeon Overview and Level Annotations

Branches:
Dungeon (9/15)             Temple (1/1) D:4            Lair (4/6) D:8
  Snake (0/4) Lair:3
  Swamp: Lair:2-4    Shoals: Lair:2-4       Orc: D:9-12

Altars:
Ashenzari
Cheibriados
Dithmenos
Elyvilon
Fedhas
Gozag
Hepliaklqana
Kikubaaqudgha
Makhleb
Nemelex Xobeh
Okawaru
Pakellas
Qazlal
Ru
Sif Muna
Trog
Uskayaw
Vehumet
Xom
Yredelemnul
Zin
The Shining One


Innate Abilities, Weirdness & Mutations

You can breathe blasts of noxious fumes.
Your lurid green scales are hard. (AC +8)
Your body does not fit into most forms of armour.
Your system is resistant to poisons. (rPois)
You are cold-blooded and may be slowed by cold attacks.


Message History

The bolt of electricity hits you!
* * * LOW HITPOINT WARNING * * *
The electric eel shoots out a bolt of lightning at you!
The bolt of electricity misses you.
Unknown command.
The yak completely misses you.
Unknown command.
The electric eel shoots out a bolt of lightning at you!
The bolt of electricity hits the plant.
The bolt of electricity misses you. x2
The electric eel shoots out a bolt of lightning at you!
The bolt of electricity hits the plant.
The bolt of electricity hits you!
* * * LOW HITPOINT WARNING * * *
The bolt of electricity misses you. The yak misses you.
There is an escape hatch in the floor here.
The yak gores you but does no damage.
The electric eel shoots out a bolt of lightning at you!
The bolt of electricity hits the plant.
The bolt of electricity hits you!
* * * LOW HITPOINT WARNING * * *
The bolt of electricity hits you!
You die...

F.##
..P....≈≈≈≈≈≈...≈
..# .
.P...P≈≈≈≈≈≈≈...
... #.
#...♣≈P≈≈≈P≈...
...
...#...♣♣≈≈;≈♣≈..≈
..#
....>.♣≈P≈P≈≈...≈
#...P≈≈≈P≈.≈..≈
#...♣≈≈≈≈≈...≈P
#P..YP♣♣≈≈P..≈≈
####.@..P≈...≈≈
##....♣P..≈♣
##.....?.≈♣
###....≈♣ .....
... .


You could see a yak and an electric eel.

Vanquished Creatures
  Gastronok (Lair:1)
  A hydra (Lair:2)
  Erica (D:8)
  2 death yaks (Lair:4)
  2 griffons (Lair:3)
  4 black mambas
  7 spiny frogs
  3 komodo dragons
  A troll (D:9)
  A two-headed ogre (D:8)
  8 blink frogs
  13 yaks
  A hippogriff (D:8)
  5 water moccasins
  2 porcupines
  2 ice beasts
  A black bear (D:7)
  An orc warrior (D:8)
  2 sky beasts
  A phantom (D:9)
  A necrophage (D:5)
  An ogre (D:4)
  10 wolves (Lair:3)
  4 centaurs
  2 big kobolds
  8 giant frogs
  A wyvern zombie (D:8)
  2 scorpions
  A water moccasin skeleton (D:9)
  3 killer bees (D:8)
  2 wights (D:7)
  An electric eel (Lair:2)
  A howler monkey (D:6)
  A crimson imp (D:5)
  A centaur zombie (D:9)
  A jelly (D:6)
  3 quasits
  2 hounds (D:7)
  2 orc priests (D:9)
  2 giant frog skeletons
  9 iguanas
  5 orc wizards
  6 worker ants
  A hound skeleton (D:8)
  7 adders
  6 gnolls
  41 river rats
  A shadow imp (D:5)
  3 oozes
  An adder zombie (D:7)
  An adder skeleton (D:4)
  3 worms
  3 dart slugs
  4 giant geckos
  22 orcs
  8 bats
  2 giant cockroaches
  5 hobgoblins
  4 quokkas
  3 ball pythons
  A giant gecko skeleton (D:7)
  4 giant newts
  7 goblins
  A jackal skeleton (D:4)
  14 kobolds
  3 quokka skeletons (D:5)
  13 rats
286 creatures vanquished.

Vanquished Creatures (collateral kills)
  A yak (Lair:3)
  An ice beast (D:7)
  2 wights (D:7)
  A crimson imp (D:5)
  A giant frog skeleton (D:5)
  An orc (D:5)
  A ball python (D:3)
  A fungus (Lair:3)
9 creatures vanquished.

Vanquished Creatures (others)
  An orc wizard (D:8)
  10 fungi
  2 plants (D:8)
13 creatures vanquished.

Grand Total: 308 creatures vanquished

Notes
Turn   | Place    | Note
-------+----------+-------------------------------------------
     0 | D:1      | HAL9000 the Draconian Transmuter began the quest for the Orb.
     0 | D:1      | Reached XP level 1. HP: 16/16 MP: 3/3
   232 | D:1      | Reached XP level 2. HP: 20/23 MP: 1/5
   521 | D:2      | Learned a level 2 spell: Sticks to Snakes
   533 | D:2      | Reached XP level 3. HP: 25/28 MP: 4/6
  1021 | D:2      | Reached XP level 4. HP: 34/35 MP: 5/7
  1461 | D:3      | Learned a level 3 spell: Spider Form
  1470 | D:3      | Found a bloodstained altar of Trog.
  1510 | D:3      | Found a blossoming altar of Fedhas.
  1637 | D:3      | Noticed a sky beast
  1670 | D:3      | Killed a sky beast
  1670 | D:3      | Reached skill level 5 in Unarmed Combat
  1670 | D:3      | Reached XP level 5. HP: 6/40 MP: 1/8
  2246 | D:4      | Reached XP level 6. HP: 24/47 MP: 9/9
  2447 | D:4      | Found a staircase to the Ecumenical Temple.
  2468 | Temple   | Entered the Ecumenical Temple
  2524 | Temple   | Became a worshipper of Cheibriados the Contemplative
  2581 | D:4      | Reached skill level 5 in Transmutations
  2840 | D:5      | Entered Level 5 of the Dungeon
  3204 | D:5      | Found an iron altar of Okawaru.
  3276 | D:5      | Your scales start taking on a lurid green colour.
  3276 | D:5      | Reached XP level 7. HP: 38/52 MP: 10/10
  3276 | D:5      | Gained mutation: Your system is resistant to poisons. (rPois) [Green Draconian growth]
  3836 | D:5      | Reached * piety under Cheibriados
  4844 | D:6      | Found a shimmering altar of Xom.
  4994 | D:6      | Reached XP level 8. HP: 46/62 MP: 5/11
  5490 | D:7      | Reached ** piety under Cheibriados
  5676 | D:7      | Found a stormy altar of Qazlal.
  5755 | D:7      | Learned a level 5 spell: Blade Hands
  5824 | D:7      | Found a hide-covered altar of Uskayaw.
  5972 | D:7      | Reached skill level 5 in Fighting
  6364 | D:7      | Reached skill level 1 in Invocations
  6395 | D:8      | Noticed a two-headed ogre
  6402 | D:8      | Killed a two-headed ogre
  6402 | D:8      | Reached XP level 9. HP: 74/74 MP: 6/12
  6428 | D:8      | Reached *** piety under Cheibriados
  6431 | D:8      | Found a staircase to the Lair.
  6766 | D:8      | Found a shattered altar of Ashenzari.
  6767 | D:8      | Noticed Erica
  6781 | D:8      | Killed Erica
  7042 | D:8      | Reached **** piety under Cheibriados
  7288 | D:8      | Found a deep blue altar of Sif Muna.
  7579 | D:8      | Reached XP level 10. HP: 72/81 MP: 6/13
  7667 | D:9      | Reached ***** piety under Cheibriados
  7748 | D:9      | Reached skill level 5 in Invocations
  7766 | D:9      | Found an opulent altar of Gozag.
  7771 | D:9      | Found a sacrificial altar of Ru.
  8030 | Lair:1   | Entered Level 1 of the Lair of Beasts
  8075 | Lair:1   | Noticed a spiny frog
  8080 | Lair:1   | Killed a spiny frog
  8095 | Lair:1   | Noticed a black mamba
  8098 | Lair:1   | Killed a black mamba
  8098 | Lair:1   | Reached skill level 5 in Dodging
  8099 | Lair:1   | Noticed a spiny frog
  8102 | Lair:1   | Killed a spiny frog
  8289 | Lair:1   | Reached skill level 10 in Unarmed Combat
  8422 | Lair:1   | Noticed a spiny frog
  8430 | Lair:1   | Killed a spiny frog
  8442 | Lair:1   | Noticed Gastronok
  8483 | Lair:1   | Noticed a spiny frog
  8490 | Lair:1   | Killed Gastronok
  8490 | Lair:1   | Reached skill level 10 in Transmutations
  8490 | Lair:1   | Reached XP level 11. HP: 86/86 MP: 3/16
  9532 | Lair:2   | You fall through a shaft!
  9770 | Lair:2   | Reached ****** piety under Cheibriados
  9783 | Lair:2   | Noticed an eight-headed hydra
  9796 | Lair:2   | Killed an eight-headed hydra
 10666 | Lair:3   | Noticed a griffon
 10676 | Lair:3   | Killed a griffon
 11001 | Lair:3   | Found a staircase to the Snake Pit.
 11090 | Lair:3   | Reached XP level 12. HP: 82/94 MP: 5/18
 11775 | Lair:4   | Noticed a death yak
 11777 | Lair:4   | Noticed a death yak
 11777 | Lair:4   | Noticed a death yak
 11778 | Lair:4   | Noticed a death yak
 11780 | Lair:4   | Noticed a death yak
 11781 | Lair:4   | Noticed a death yak
 11787 | Lair:4   | Killed a death yak
 11795 | Lair:4   | Killed a death yak
 11800 | Lair:4   | HP: 2/94 [electric eel/bolt of electricity (8)]
 11800 | Lair:4   | Killed from afar by an electric eel

Vault maps used:
D:1:      scummos_arrival_star
D:3:      lemuel_doored_altar, bloody_trog, first_bread
D:5:      okawaru_trees_1, minmay_bent
D:6:      xom_teletrap_fun
D:7:      kennysheep_mini_moat, marbit_many_paths
D:8:      ashenzari_conservatory_becter, kennysheep_mini,
          due_lair_maze_entry_diamond, uniq_erica
D:9:      amethyst_overflow_temple_binary
Temple:   dshaligram_water_room_temple
Lair:1:   grunt_megastairs_4, uniq_gastronok
Lair:2:   grunt_megastairs_5, infiniplex_staircase_pool
Lair:3:   dummy_snake_entry
Lair:4:   gammafunk_lair_bear_cave, minmay_shoals_entry_centaurs, serial_bayou,
          serial_bayou_ford_a, serial_bayou_lake_a, serial_bayou_shore_b,
          serial_bayou_pond_c, grunt_forest_large_clearings, uniq_nergalle

Skill      XL: |  1  2  3  4  5  6  7  8  9 10 11 12 |
---------------+-------------------------------------+-----
Transmutations | 3 4 5 6 7 8 10 11 | 11.3
Unarmed Combat | 4 5 6 7 8 9 10 11 | 11.4
Fighting       | 2 5 |  5.0
Dodging        | 2 4 6 7 8 |  8.0
Invocations    | 1 4 7 8 9 |  9.1
Spellcasting   | |  2.0

Action                   |  1- 3 |  4- 6 |  7- 9 | 10-12 || total
-------------------------+-------+-------+-------+-------++-------
Melee: Unarmed           |   103 |   149 |   405 |   325 ||   982
       Kick              |     4 |       |       |       ||     4
       Headbutt          |     5 |    16 |     7 |     2 ||    30
       Tailslap          |     6 |    12 |    40 |    71 ||   129
       Punch             |       |     2 |     9 |    18 ||    29
Throw: Javelin           |       |       |       |     2 ||     2
 Cast: Beastly Appendage |    16 |    13 |     9 |     2 ||    40
       Sticks to Snakes  |     1 |     5 |     6 |    24 ||    36
       Spider Form       |       |     5 |    14 |     1 ||    20
       Blade Hands       |       |       |     5 |    21 ||    26
Invok: Slouch            |       |       |       |     1 ||     1
 Abil: Breathe Noxious F |       |       |     2 |     4 ||     6
Evoke: Wand              |       |       |     1 |       ||     1
  Use: Potion            |       |     2 |       |       ||     2
       Scroll            |       |     7 |     4 |     8 ||    19
 Stab: Sleeping          |       |       |       |     7 ||     7
       Distracted        |       |       |       |     2 ||     2
  Eat: Chunk             |     1 |     8 |    11 |    16 ||    36
       Fruit             |       |       |     3 |       ||     3
Armor: Skin              |    44 |    34 |   151 |    59 ||   288
Dodge: Dodged            |    61 |    86 |   365 |   308 ||   820
